cohdb
Replays
Latest Replays
All Replays
Popular Replays
Top Player Replays
Match Explorer
How It Works
Community
CoH3 Stats
Reddit
Sign in to upload your games and track your stats! →
Sign in with Steam
Match 26809171
Unlisted
Match 26809171
Overview
Messages
Build Orders
End
Construct Infanterie Kompanie
Pioneer Squad
Grenadier Squad
MG 42 Machine Gun Team
Grenadier Squad
Selects Mechanized Battlegroup
Construct Panzergrenadier Kompanie
Panzergrenadier Squad
Medical Bunker
Selects Raid Package
Selects Raid Package
Selects 8 Rad Armored Car
Construct Panzer Kompanie
咕咕nick
^1Soldat^0James
ConcernedApe
ZELOT
0
0
Comments
sign in to comment!
No comments posted yet!